← All builds
Pond / Cortex / Economy first / OBSERVED BUILD

Shuriken air support

Pond builds an Aircraft Plant by 3:52 and goes air instead of boosting, using drops of Hephaestus to ferry Shurikens and Valiants to the front from around 4:39 to support the push in the middle.

Usually goes air (86%)

#air #push · 14 distinct matches · 6 players · 5% of Cortex Pond games · team won 64% of 14 · Recently observed

THE CATCH, AND WHAT COMES WITH IT
  • ShurikenT1 air support from 4:47 · 9% of role by thenFrom the Aircraft Plant. Only 9% of Pond games have it by then; others who build it get it around 4:55
  • Aircraft PlantAircraft Plant in 100%15% of all Pond games by then
  • HephaestusHeavy transport in 93%11% of all Pond games by then
  • ShurikenShuriken in 71%4% of all Pond games by then
  • ValiantValiant in 71%6% of all Pond games by then

Where those units first fight, in 14 games with kill data: in the middle 86%, on their own side 14%.

Then transitions into valiant (18% of army), grunt (9% of army).

HOW TO PLAY IT

Key timing: Aircraft Plant by 3:34

  1. Open tidals and wind, get mex up, boost eco as usual for Pond.
  2. Build Aircraft Plant well before the role norm.
  3. Get a heavy transport (Hephaestus) to drop units behind enemy lines.
  4. Lead with Shuriken paralyzer drones out of the Aircraft Plant.
  5. Add Valiant fighters and transition into T2 constructor as normal.

Phase by phase

TYPICAL OF ITS 14 GAMES · AGAINST STANDARD POND
  1. 1
  2. 2
  3. 3
PLAY THE OPENING

Follow the example game's first 6:00 step by step: what to build now, what comes next, and where it goes. At 1× it keeps pace with your own game.

  1. 1

    Up to the Aircraft Plant

    Economy
    • Metal Extractor4Mex
    • Tidal Generator8Tidalfor allies
    • Wind Turbine8Wind+3 vs standard
    • Energy Storage1Energy storage
    Order
    1. Aircraft PlantAircraft Plant after 4 mex, 8 wind, 1 energy storagedone ~3:55, middle half 3:30–4:34

    Some games also: tidal (36%)

    The standard build makes here, this one skips: 2 tidal

    By 3:37 in all: 4 mex · 8 wind (standard 5) · 1 energy storage

    The example game in this phase · 13 steps
    1. Tidal ×8for Suicide front
    2. Tidal
    3. Wind ×2
    4. Mex ×3
    5. Energy storage
    6. Wind
    7. Mex
    8. Wind ×8
    9. Converter ×4
    10. Con turret
    11. Wind ×5
    12. Con turret
    13. Aircraft PlantAircraft Plantdone 5:52 · typical 3:55
  2. 2

    Aircraft Plant to T1 air support

    Order
    1. ShurikenT1 air support after 4 mex, 9 wind, 1 energy storage

    Some games also: heavy transport (50%)

    By 4:43 in all: 4 mex · 9 wind · 1 energy storage

    The example game in this phase · 5 steps
    1. ThistleThistle
    2. ValiantValiant ×2
    3. ThistleThistle
    4. ValiantValiant ×3
    5. ShurikenShurikendone 6:32
  3. 3

    T1 air support to 10:00

    Economy
    • Wind Turbine14Wind+11 vs standard
    Builders
    • Construction Turret3 Con turret +3 vs standard
    Army
    • Shuriken12 Shuriken +12 vs standard
    • Valiant4 Valiant +4 vs standard
    • Hercules1 Light transport

    Some games also: converter (36%) · con aircraft (36%)

    By 10:00 in all: 4 mex · 23 wind (standard 15) · 2 converter · 1 energy storage · 3 con turret (standard 0)

    The example game in this phase · 60 steps
    1. ShurikenShuriken ×7
    2. HerculesLight transport
    3. ShurikenShuriken ×8
    4. HerculesLight transport
    5. ShurikenShuriken ×2
    6. Wind
    7. ShurikenShuriken
    8. ValiantValiant
    9. Wind
    10. ValiantValiant
    11. Advanced Metal ExtractorT2 mexdone 9:31 · typical 8:54
    12. Wind ×3
    13. ValiantValiant
    14. Wind
    15. Advanced Metal ExtractorT2 mex
    16. ValiantValiant
    17. Wind ×2
    18. ValiantValiant
    19. Wind
    20. Advanced Metal ExtractorT2 mex
    21. Wind ×3
    22. ValiantValiant
    23. Wind ×2
    24. ValiantValiant ×4
    25. Advanced Metal ExtractorT2 mex
    26. ShurikenShuriken ×5
    27. Con turret
    28. ShurikenShuriken
    29. Con turret
    30. ShurikenShuriken
    31. HephaestusHeavy transportfor Suicide front
    32. Wind ×2
    33. ShurikenShuriken ×2
    34. Wind
    35. ShurikenShuriken ×2
    36. Wind
    37. ShurikenShuriken
    38. Wind
    39. ShurikenShuriken ×2
    40. Wind
    41. ShurikenShuriken ×2
    42. Wind
    43. ValiantValiant
    44. Construction AircraftCon aircraft
    45. Con turret
    46. ValiantValiant
    47. Con turret
    48. Wind
    49. ValiantValiant
    50. Con turret
    51. ValiantValiant
    52. Con turret
    53. Wind
    54. ValiantValiant ×4
    55. Wind
    56. ValiantValiant
    57. Wind
    58. ValiantValiant
    59. Wind
    60. ValiantValiant ×11

Counts are medians over the build's games: half of them build more, half fewer. The example game is Boozha's (38 OS, 16/09/2026); pick another.

Team trades

IN AT LEAST 30% OF ITS GAMES

You hand over

  • Tidal Generator8 Tidal to Suicide front or Frontfirst at 0:18 · in 79% of games

You get

  • Advanced Construction Bot1 T2 con bot from Techfirst at 7:01 · in 79% of games

How it plays out

Typical game of this build against the role’s standard build, running totals by minute

  • This build
  • Standard pond

Metal produced

010k20k
0:005:0010:0015:00

metal

Enemy metal destroyed

02k4k6k
0:005:0010:0015:00

metal

Own metal lost

02k4k6k
0:005:0010:0015:00

metal

14 games.

Show as table
ByMetal produced: This buildMetal produced: Standard pondEnemy metal destroyed: This buildEnemy metal destroyed: Standard pondOwn metal lost: This buildOwn metal lost: Standard pond
1:001151150000
2:003022760000
3:008848160000
4:00155215090000
5:002222221511000
6:00292929552580470
7:00366438103742935730
8:004422461942710631034176
9:005502553560315451388591
10:006844667083321711579899
11:0086238250833266621411350
12:001037310156887308533871664
13:001207912495977343233872143
14:0013169144711129382033872786
15:0015476168511418419042103392
WHAT THE NUMBERS SAY

Won more often than the standard build despite producing less metal by 15:00 and destroying far less enemy metal.

  • + Team win rate 57% vs 52% for standard build.
  • + Higher metal produced by 10:00 (7120 vs 6657).
  • − Enemy metal destroyed by 15:00 far lower (1418 vs 4391).
  • − Own metal lost by 15:00 higher (3798 vs 3271).
THE EXAMPLE YOU ARE READING

Boozha

37.6 OS · 16/09/2026

Open source match ↗

4 received units · includes a constructor
190 metal received · 123739 energy received

Allied construction assistance is unknown. Timings are observations, not a promise of solo reproducibility.

Typical milestones

Aircraft Plant3:55Middle 50%: 3:30–4:34 · n=14
Advanced Metal Extractor8:54Middle 50%: 7:51–9:41 · n=11

Played most by

zeus_on_god4games of this buildBoozha3games of this buildkrtf3games of this buildRysica2games of this build[Grump]Grumpiness1game of this build